Match 47118309
Unlisted

Match 47118309
End
Vickers Machine Gun Team
Construct Section Command Post
Selects Air and Sea Battlegroup
Selects Air and Sea Battlegroup
Infantry Section
Infantry Section
Construct Platoon Command Post
Royal Engineer Section
Selects Supply Surplus
Construct Field Infirmary
Construct Resource Cache
Forward Retreat Point
Grenade Package
6-pounder Anti-tank Gun Team
Construct Company Command Post
Selects UNKNOWN (223837)
Matilda II Heavy Tank
Pinhi
JVM
Tactical427
nomadicnome
Sol Invictus
markplaya10
IJustDontCare
Ho Lee Fuk
0
0

Comments sign in to comment!

No comments posted yet!